 Dungeon Crawl Stone Soup version 0.15.1-1-gfacfea3 (webtiles) character file.

59 Kashira the Chiller (level 3, 14/14 HPs)
             Began as a Felid Ice Elementalist on Sept 24, 2014.
             Quit the game on Level 5 of the Dungeon.
             The game lasted 00:10:57 (3310 turns).

Kashira the Chiller (Felid Ice Elementalist)        Turns: 3310, Time: 00:10:58

HP  14/14        AC  1     Str  5      XL: 3   Next: 78%
MP  10/10        EV 18     Int 19      God:
Gold 132         SH  0     Dex 16      Spells:  3 memorised,  2 levels left
Lives: 0, deaths: 1

rFire  . . .     SeeInvis +     (weapon unavailable)
rCold  . . .     Clarity  .     (armour unavailable)
rNeg   + . .     rCorr    .     (shield unavailable)
rPois  .         rRot     .     (helmet unavailable)
rElec  .         Spirit   .     (cloak unavailable)
SustAb .         Warding  +     (gloves unavailable)
rMut   .         Stasis   .     (boots unavailable)
Gourm  .                        n - amulet of warding
MR     .....                    q - +3 ring of intelligence
                                m - ring of invisibility

@: quick, not resistant to hostile enchantments, fairly stealthy
A: paw claws, no armour, no weapons or thrown items, fangs 3, see invisible,
carnivore 3, speed 1, shaggy fur 1, slow metabolism 1, jump 1
a: Jump Attack, Evoke Invisibility


You were on level 5 of the Dungeon.
You were not hungry.

You visited 1 branch of the dungeon, and saw 5 of its levels.

You collected 132 gold pieces.

Inventory:

Comestibles
 c - 3 meat rations
 r - a beef jerky
Scrolls
 a - 3 scrolls of remove curse {unknown}
 d - a scroll of fear {unknown}
 f - 2 scrolls of recharging {unknown}
 g - a scroll of random uselessness {unknown}
 h - a scroll of enchant armour {unknown}
 i - 2 scrolls of identify {unknown}
 j - 3 scrolls of blinking {unknown}
 s - a scroll of teleportation {unknown}
 u - a scroll of enchant weapon {unknown}
Jewellery
 m - a ring of invisibility (left paw)
 n - an amulet of warding (around neck)
 p - an uncursed ring of sustain abilities
 q - a +3 ring of intelligence (right paw)
 t - an uncursed ring of teleport control
Potions
 e - a potion of haste {unknown}
 k - a potion of restore abilities {unknown}
 l - 2 potions of curing {unknown}
 o - a potion of confusion {unknown}
Books
 b - a book of Frost

   Spells                             Type                      Level
   *Freeze                            Ice                          1
   *Throw Frost                       Conjuration/Ice              2
   *Ozocubu's Armour                  Charms/Ice                   3
   Throw Icicle                       Conjuration/Ice              4
   Summon Ice Beast                   Ice/Summoning                4
   Condensation Shield                Ice                          4


   Skills:
 + Level 3.4 Dodging
 + Level 3.0 Stealth
 + Level 3.3 Spellcasting
 + Level 1.2 Conjurations
 + Level 3.6 Ice Magic


You had 2 spell levels left.
You knew the following spells:

 Your Spells              Type           Power        Failure   Level  Hunger
a - Freeze                Ice            ###.         3%          1    None
b - Throw Frost           Conj/Ice       ##....       10%         2    ##.....
c - Ozocubu's Armour      Chrm/Ice       ##......     21%         3    ###....


Dungeon Overview and Level Annotations

Branches:
Dungeon (5/15)
 Temple: D:4-7

Altars:

Annotations:
D:3 Terence
D:4 Sigmund; stonage's ghost, average GrFi
D:5 Edmund


Innate Abilities, Weirdness & Mutations

You cannot wear armour.
You are incapable of wielding weapons or throwing items.
Your paws have sharp claws.
You have razor-sharp teeth.
You have supernaturally acute eyesight.
You are carnivorous and can eat meat at any time.
You cover ground quickly.
You are covered in fur (AC +1).
You have a slow metabolism.
You can jump attack at a short distance.


Message History

Press: ? - help, Shift-Dir - straight line, f/p - orc wizard
Aim: an orc wizard, wielding a dagger and wearing a robe (moderately wounded)
The puff of frost misses the orc wizard.
The orc wizard mumbles some strange words.
The orc wizard seems to speed up.
Casting: Throw Frost
Confirm with . or Enter, or press ? or * to list all spells.
Aiming: Throw Frost
Press: ? - help, Shift-Dir - straight line, f/p - orc wizard
Aim: an orc wizard, wielding a dagger and wearing a robe (moderately wounded, fast)
The puff of frost hits the orc wizard.
The orc wizard is heavily wounded.
The orc wizard casts a spell at you. The puff of flame hits you!
Ouch! That really hurt!
You die...
You are now level 3!
You rejoin the land of the living...
A hobgoblin and Edmund come into view.
Are you sure you want to abandon this character and quit the game? (Confirm with "yes".)

##+#+#####
.#........#
.g......@.#
..........#
.........#
#.@......#
#........#
#+#.#####
#. #.


You could see Edmund (sleeping) and a hobgoblin (sleeping).

Vanquished Creatures
  An orc wizard (D:5)
  4 adders
  3 giant geckos
  3 orcs
  A giant cockroach (D:4)
  9 hobgoblins
  4 jackals
  7 kobolds
  A quokka (D:4)
  2 ball pythons
  6 bats
  2 giant newts
  8 goblins
  8 rats
  A rat skeleton (D:3)
60 creatures vanquished.

Notes
Turn   | Place    | Note
--------------------------------------------------------------
     0 | D:1      | Kashira, the Felid Ice Elementalist, began the quest for the Orb.
     0 | D:1      | Reached XP level 1. HP: 7/7 MP: 4/4
   442 | D:1      | Reached XP level 2. HP: 4/11 MP: 0/6
   617 | D:1      | Learned a level 2 spell: Throw Frost
   920 | D:1      | Reached skill level 3 in Ice Magic
  1191 | D:2      | Reached skill level 1 in Conjurations
  1191 | D:2      | Reached XP level 3. HP: 8/14 MP: 4/8
  1890 | D:3      | Learned a level 3 spell: Ozocubu's Armour
  2318 | D:3      | Reached XP level 4. HP: 18/18 MP: 8/11
  2601 | D:3      | Noticed Terence
  3017 | D:4      | Noticed Sigmund
  3251 | D:4      | Noticed stonage's ghost (average GrFi)
  3285 | D:4      | Noticed an ogre
  3289 | D:5      | Entered Level 5 of the Dungeon
  3309 | D:5      | Killed from afar by an orc wizard
  3310 | D:5      | Reached XP level 3. HP: -2/14 MP: 0/10
  3310 | D:5      | Noticed Edmund
  3310 | D:5      | Quit the game

Action                   |  1- 3 |  4- 6 || total
-------------------------+-------+-------++-------
Melee: Unarmed           |    11 |    16 ||    27
 Cast: Freeze            |    39 |    23 ||    62
       Throw Frost       |    29 |    16 ||    45
       Ozocubu's Armour  |       |     1 ||     1
 Abil: Jump Attack       |       |     1 ||     1
  Eat: Chunk             |    11 |     3 ||    14
